 Dungeon Crawl Stone Soup version 0.18-a0-1526-gcb34c7c (webtiles) character file.

210 FrancescoMac the Ducker (level 5, -2/42 HPs)
             Began as a Demonspawn Gladiator on Mar 8, 2016.
             Slain by Crazy Yiuf
             ... wielding a +2 quarterstaff of chaos
              (8 damage)
             ... on level 3 of the Dungeon.
             The game lasted 00:07:46 (2259 turns).

FrancescoMac the Ducker (Demonspawn Gladiator)      Turns: 2259, Time: 00:07:46

Health: -2/42      AC:  7    Str: 16    XL:     5   Next: 57%
Magic:  5/5        EV: 13    Int:  9    God:
Gold:   99         SH:  0    Dex: 14    Spells: 0 memorised, 4 levels left

rFire  . . .     SeeInvis .     a - +0 long sword
rCold  . . .     Gourm    .     b - +0 leather armour
rNeg   . . .     Faith    .     (no shield)
rPois  .         Spirit   .     c - +0 helmet
rElec  .         Dismiss  .     (no cloak)
rCorr  .         Reflect  .     (no gloves)
SustAt .         Harm     .     (no boots)
MR     .....                    (no amulet)
Stlth  +.........               (no ring)
                                (no ring)

@: slowed, very slow, not resistant to hostile enchantments, very unstealthy
A: slimy green scales 2, powered by pain 1
a: no special abilities


You were on level 3 of the Dungeon.
You were not hungry.

You visited 1 branch of the dungeon, and saw 3 of its levels.

You collected 99 gold pieces.

Inventory:

Hand Weapons
 a - a +0 long sword (weapon)
Missiles
 d - 3 throwing nets (quivered)
Armour
 b - a +0 leather armour (worn)
 c - a +0 helmet (worn)
Jewellery
 l - an uncursed ring of protection from magic {unknown}
 p - a +2 amulet of reflection {unknown}
Scrolls
 e - a scroll of noise {unknown}
 k - 2 scrolls of remove curse {unknown}
 n - a scroll of magic mapping {unknown}
 o - a scroll of amnesia {unknown}
 q - a scroll of recharging {unknown}
Potions
 m - 3 potions of curing {unknown}
Comestibles
 f - a bread ration
 g - 5 chunks of flesh
 h - 4 meat rations
 i - 8 fruits
 j - a royal jelly


   Skills:
 + Level 3.7 Fighting
 + Level 3.9 Long Blades
 - Level 1.7 Throwing
 + Level 4.0 Dodging


You had 4 spell levels left.
You didn't know any spells.

Dungeon Overview and Level Annotations

Branches:
Dungeon (3/15)

Altars:
Ashenzari
Cheibriados
Elyvilon
Fedhas
Ru

Annotations:
D:2 exclusion: oklob plant
D:3 Crazy Yiuf


Innate Abilities, Weirdness & Mutations

You are mostly covered in slimy green scales (AC +3).
You sometimes gain a little power by taking damage.


Message History

Crazy Yiuf whimpers, "Leather!
Announcement seventy horse."
Crazy Yiuf hits you with a quarterstaff of chaos.
Crazy Yiuf screams, "Fluff!"
Crazy Yiuf hits you with a quarterstaff of chaos.
Crazy Yiuf freezes you.
You hit Crazy Yiuf.
Crazy Yiuf is severely wounded.
Crazy Yiuf hits you but does no damage.
Crazy Yiuf hits you with a quarterstaff of chaos.
You convulse.
You hit Crazy Yiuf but do no damage.
Crazy Yiuf is severely wounded.
Crazy Yiuf hits you with a quarterstaff of chaos!
Crazy Yiuf draws strength from your injuries!
You hit Crazy Yiuf but do no damage.
Crazy Yiuf is severely wounded.
Crazy Yiuf hits you with a quarterstaff of chaos!
* * * LOW HITPOINT WARNING * * *
Crazy Yiuf hits you with a quarterstaff of chaos!
You die...

..........#
..........#####
..............#
.#.##....###### ###
.#.####### #.# ##.#
#### #.# ...# ##..#
### ♣♣########.. ...#
#...# #)..#♣♣
♣♣..........#
...###...#
#...g@♣♣♣♣......####..
##.......#
#...#♣..♣.♣....## ##.
#####...# ###
♣♣♣.♣....## ## #...#
♣♣♣♣♣### #...# #####


You could see Crazy Yiuf.

Vanquished Creatures
  An orc wizard (D:3)
  3 gnolls (D:3)
  8 adders
  A worm (D:3)
  2 dart slugs (D:3)
  11 orcs (D:3)
  3 giant cockroaches
  4 goblins
  7 hobgoblins
  4 jackals
  3 kobolds
  A quokka (D:3)
  5 bats
  15 giant newts
  3 rats
71 creatures vanquished.

Notes
Turn   | Place    | Note
--------------------------------------------------------------
     0 | D:1      | FrancescoMac the Demonspawn Gladiator began the quest for the Orb.
     0 | D:1      | Reached XP level 1. HP: 16/16 MP: 1/1
    51 | D:1      | Gained mutation: You sometimes gain a little power by taking damage. [demonic ancestry]
    51 | D:1      | Reached XP level 2. HP: 11/22 MP: 2/2
   259 | D:1      | You fall through a shaft!
   266 | D:2      | Reached skill level 3 in Dodging
   305 | D:2      | Gained mutation: You are partially covered in slimy green scales (AC +2). [demonic ancestry]
   305 | D:2      | Reached XP level 3. HP: 19/28 MP: 3/3
   587 | D:2      | Found a sacrificial altar of Ru.
   587 | D:2      | Found a snail-covered altar of Cheibriados.
   686 | D:2      | Gained mutation: You are mostly covered in slimy green scales (AC +3). [demonic ancestry]
   686 | D:2      | Reached XP level 4. HP: 34/34 MP: 4/4
   884 | D:2      | Found a blossoming altar of Fedhas.
   895 | D:2      | Noticed an oklob plant
  1142 | D:3      | Found a shattered altar of Ashenzari.
  1300 | D:3      | Found a white marble altar of Elyvilon.
  1395 | D:3      | Found a faded altar to an unknown god.
  1447 | D:3      | Reached XP level 5. HP: 2/41 MP: 5/5
  1950 | D:3      | Reached skill level 4 in Dodging
  2249 | D:3      | Noticed Crazy Yiuf
  2259 | D:3      | Slain by Crazy Yiuf

Vault maps used:
D:1:      dpeg_arrival_sounds_slurp, minmay_misc_feat_roman, minmay_newt_pond
D:2:      tgw_fedhas, gammafunk_temple_overflow_elements
D:3:      ashenzari_altar_1, ecumenical_altar_2, elyvilon_altar_5,
          uniq_crazy_yiuf_cottage

Skill      XL: |  1  2  3  4  5 |
---------------+----------------+-----
Long Blades    | 3 |  3.9
Dodging        | 3 4 |  4.0
Fighting       | 3 |  3.7
Throwing       | |  1.7

Action                   |  1- 3 |  4- 6 || total
-------------------------+-------+-------++-------
Melee: Long sword        |    98 |   137 ||   235
  Eat: Chunk             |       |     5 ||     5
